Map: Backwater LE

Players

Kane

  • Race: Zerg Zerg
  • League: Grandmaster
  • Spawn Location: 5:00

RuFF - Winner!

  • Race: Terran Terran
  • League: Grandmaster
  • Spawn Location: 11:00

VOD

Have the link to the VOD?

Description

Time

  • Played on: Feb. 19, 2018, 11:04 p.m.
  • Length: 17:36
Show
View Real Time Build Order
Export as new Build Order

Kane Zerg 

Build Orders: Pool First, Swarm Host 

Get SALT Encoding   

  12  0:01  Drone  
  13  0:13  Overlord  
  13  0:17  Drone  
  14  0:31  Drone  
  14  0:32  Drone  
  16  0:41  Spawning Pool  
  15  0:44  Drone  
  15  0:49  Drone  
  17  1:13  Hatchery  
  17  1:15  Drone  
  17  1:28  Zergling x4  
  17  1:29  Zergling x2  
  17  1:31  Queen  
  22  1:34  Extractor  
  21  1:40  Overlord  
  21  1:52  Drone  
  22  2:02  Drone  
  22  2:07  Queen  
  25  2:18  Drone  
  26  2:29  Drone x2  
  28  2:35  Drone  
  28  2:40  Drone x4  
  28  2:41  Queen  
  33  2:48  Metabolic Boost  
  33  2:50  Overlord  
  33  2:51  Drone  
  33  2:57  Overlord  
  34  3:04  Overlord  
  34  3:11  Drone  
  35  3:18  Zergling x2  
  35  3:19  Baneling Nest, Zergling x6  
  38  3:24  Zergling x4  
  40  3:30  Zergling x2  
  41  3:35  Zergling x2  
  42  3:47  Zergling x4  
  42  3:48  Zergling x6  
  47  3:52  Zergling x2  
  47  3:55  Zergling x2  
  49  3:58  Hatchery  
  48  4:02  Baneling x2  
  48  4:03  Baneling x3  
  48  4:08  Zergling x6  
  51  4:14  Zergling x2  
  51  4:16  Overlord  
  50  4:29  Zergling x12  
  48  4:34  Zergling x4  
  44  4:41  Drone x2  
  46  4:50  Queen  
  48  4:54  Drone x4  
  48  4:55  Drone  
  53  5:03  Drone x2  
  53  5:04  Drone  
  56  5:10  Drone x2  
  56  5:13  Queen  
  60  5:22  Drone x4  
  60  5:26  Lair  
  64  5:29  Extractor  
  64  5:33  Baneling x4  
  63  5:38  Zergling x6  
  66  5:47  Overlord  
  65  5:56  Zergling x14  
  66  6:02  Zergling x4  
  65  6:10  Overlord  
  63  6:17  Drone x7  
  65  6:22  Extractor x2, Queen  
  65  6:26  Evolution Chamber  
  65  6:27  Evolution Chamber  
  65  6:28  Drone  
  65  6:29  Overlord, Drone x2  
  65  6:30  Drone  
  65  6:31  Drone  
  68  6:33  Hydralisk Den  
  68  6:38  Drone x2  
  69  6:40  Drone  
  70  6:47  Drone x2  
  70  6:50  Drone x3  
  75  6:54  Baneling x4  
  75  6:57  Drone  
  75  6:58  Drone  
  77  7:05  Zerg Ground Armor Level 1  
  77  7:06  Hatchery  
  76  7:08  Drone x2  
  76  7:09  Drone x2  
  80  7:17  Drone  
  80  7:18  Overlord  
  80  7:20  Extractor x2  
  80  7:22  Muscular Augments  
  79  7:24  Drone x2  
  79  7:26  Overlord  
  81  7:33  Roach Warren  
  81  7:34  Zerg Missile Weapons Level 1  
  81  7:35  Drone  
  81  7:38  Drone x5  
  81  7:39  Drone  
  81  7:42  Overseer  
  87  7:48  Drone x2  
  87  7:50  Hydralisk x4  
  97  7:54  Overlord  
  97  7:56  Overlord x2  
  97  7:58  Overlord  
  97  8:02  Overlord  
  97  8:05  Overlord  
  97  8:13  Infestation Pit  
  97  8:16  Drone x4  
  97  8:17  Drone x2  
  97  8:19  Glial Reconstitution  
  102  8:23  Drone x6  
  108  8:27  Drone  
  108  8:33  Drone x3, Grooved Spines  
  112  8:34  Drone  
  112  8:35  Extractor  
  112  8:37  Extractor  
  112  8:41  Spore Crawler  
  110  8:46  Hatchery, Hydralisk x3  
  110  8:47  Hydralisk  
  117  8:48  Overlord  
  117  8:52  Hydralisk x2  
  121  8:58  Hive  
  121  9:04  Hydralisk x5  
  131  9:16  Overlord x2  
  131  9:17  Overlord  
  131  9:19  Zerg Ground Armor Level 2  
  131  9:22  Roach  
  131  9:23  Roach x4  
  141  9:30  Roach x5  
  151  9:32  Pneumatized Carapace  
  151  9:37  Overlord x2  
  151  9:38  Zerg Missile Weapons Level 2  
  151  9:49  Roach x4  
  151  9:50  Roach x5  
  151  9:51  Overlord  
  169  10:00  Drone x7  
  169  10:01  Drone  
  169  10:02  Overlord  
  169  10:04  Overseer  
  176  10:09  Overlord  
  176  10:10  Viper  
  176  10:11  Viper x2  
  184  10:23  Drone  
  185  10:29  Spine Crawler x2  
  185  10:32  Spine Crawler  
  178  10:39  Roach  
  178  10:40  Extractor x2, Roach x10  
  198  10:49  Hydralisk x8  
  158  11:48  Spire, Swarm Host x8  
  158  11:49  Spire, Swarm Host x6  
  198  12:04  Spine Crawler, Hatchery  
  198  12:07  Spine Crawler  
  195  12:08  Spine Crawler, Drone  
  195  12:09  Drone x5  
  199  12:19  Zerg Missile Weapons Level 3, Zerg Ground Armor Level 3  
  198  12:30  Queen  
  200  12:45  Overseer  
  183  13:13  Viper x3  
  183  13:16  Zerg Flyer Armor Level 1, Zerg Flyer Weapons Level 1  
  190  13:21  Drone x2  
  190  13:22  Drone x8  
  200  13:31  Roach  
  199  13:35  Spine Crawler x3  
  199  13:36  Spine Crawler  
  199  13:37  Spore Crawler  
  192  13:45  Extractor  
  192  13:48  Extractor  
  190  13:50  Roach x4  
  190  13:51  Roach  
  197  14:32  Overseer x4  
  181  14:57  Viper x3  
  181  14:59  Swarm Host x5  
  185  15:06  Zerg Melee Weapons Level 1  
  197  15:11  Overlord x2  
  194  15:18  Spine Crawler x2  
  194  15:19  Spine Crawler  
  191  15:22  Roach x2  
  195  15:44  Zergling x10  
  195  15:46  Greater Spire  
  200  16:03  Overlord x3  
  184  16:05  Corruptor x2  
  177  16:12  Roach x7  
  177  16:13  Roach x2  
  177  16:14  Overlord  
  181  16:25  Roach x3  
  171  16:35  Overlord x2  
  171  16:36  Overlord x2  
  171  16:37  Roach x12  
  171  16:38  Roach x4  
  173  16:41  Roach  
  173  16:42  Roach x4  
  173  16:44  Overlord  
  173  16:45  Overlord x5  
  178  16:54  Overlord x2  
  149  17:02  Hydralisk  
  149  17:03  Hydralisk x2  
  139  17:09  Hydralisk x3  
Show
View Real Time Build Order
Export as new Build Order

RuFF Terran - Winner!

Build Orders: Mech 

Get SALT Encoding   

  12  0:01  SCV  
  13  0:13  SCV  
  14  0:23  Supply Depot  
  14  0:25  SCV  
  15  0:30  Refinery  
  15  0:45  SCV  
  15  0:47  Barracks  
  16  0:52  Refinery  
  16  0:57  SCV  
  17  1:09  SCV  
  18  1:21  SCV  
  19  1:33  SCV  
  19  1:35  Ghost Academy  
  19  1:37  Barracks Tech Lab  
  20  1:50  Orbital Command, Supply Depot  
  20  2:03  Ghost  
  22  2:18  Factory  
  22  2:26  SCV  
  23  2:33  Barracks Tech Lab  
  23  2:41  Bunker  
  23  2:43  SCV  
  24  2:50  Supply Depot  
  24  2:52  Ghost  
  26  3:00  SCV  
  26  3:01  Factory Tech Lab  
  27  3:26  Siege Tank  
  30  3:27  Command Center  
  30  3:37  Starport  
  30  3:39  SCV  
  31  3:47  Ghost  
  33  4:01  Siege Tank  
  36  4:10  SCV  
  36  4:15  Supply Depot  
  37  4:19  Medivac  
  39  4:39  SCV  
  39  4:41  Orbital Command  
  39  4:43  Supply Depot  
  39  4:44  Ghost  
  42  4:51  SCV  
  43  5:03  SCV  
  43  5:05  Refinery  
  44  5:07  Refinery, SCV  
  45  5:15  SCV  
  45  5:20  SCV  
  47  5:21  Siege Tank  
  47  5:27  SCV  
  51  5:32  SCV  
  51  5:34  Command Center  
  52  5:39  SCV  
  53  5:45  SCV  
  54  5:51  SCV  
  53  6:17  Siege Tank  
  48  6:20  SCV  
  48  6:24  SCV  
  50  6:32  SCV  
  51  6:36  Command Center  
  51  6:37  Factory x2  
  51  6:39  Factory  
  51  6:40  SCV, Factory  
  51  6:43  Factory  
  51  6:45  SCV  
  53  6:48  Orbital Command  
  53  6:52  SCV  
  54  6:58  SCV  
  55  7:04  SCV  
  56  7:10  SCV  
  56  7:14  SCV  
  58  7:15  Armory  
  58  7:16  Starport Reactor, SCV  
  58  7:17  Armory  
  58  7:21  Factory Tech Lab x2  
  58  7:22  SCV  
  60  7:23  Factory Reactor, Factory Tech Lab  
  60  7:26  SCV, Factory Tech Lab  
  60  7:28  SCV  
  62  7:33  Supply Depot  
  62  7:34  SCV  
  62  7:36  Siege Tank  
  66  7:40  SCV  
  66  7:42  Refinery, SCV  
  66  7:43  Refinery  
  68  7:46  SCV  
  68  7:48  Orbital Command  
  68  7:50  Infernal Pre-Igniter  
  69  7:52  SCV  
  69  7:53  Hellion x4  
  69  7:54  SCV  
  79  7:58  SCV  
  79  8:04  SCV, Terran Vehicle And Ship Armor Level 1, Terran Vehicle Weapons Level 1  
  81  8:06  SCV  
  81  8:11  SCV  
  81  8:12  Hellion x3  
  89  8:14  Viking  
  89  8:18  Viking  
  93  8:22  Hellion  
  93  8:23  Hellion  
  93  8:25  SCV  
  93  8:26  SCV  
  99  8:39  Orbital Command  
  99  8:55  Refinery  
  99  8:57  Refinery  
  99  9:02  SCV  
  100  9:05  Orbital Command  
  100  9:13  Siege Tank, Supply Depot, SCV x2, Hellion  
  100  9:14  Supply Depot x2  
  100  9:15  Supply Depot  
  100  9:16  Supply Depot  
  108  9:17  Supply Depot  
  108  9:19  SCV  
  108  9:22  Supply Depot  
  108  9:35  Siege Tank x3, Hellion x2, SCV, Viking  
  108  9:36  Siege Tank, SCV x3, Viking  
  108  9:38  Supply Depot  
  132  9:39  Supply Depot  
  132  9:40  Supply Depot  
  132  9:45  Siege Tank  
  135  9:48  SCV  
  135  9:51  Smart Servos  
  136  9:57  SCV, Hellion x2  
  141  10:04  SCV  
  141  10:05  Viking  
  141  10:06  Viking  
  146  10:07  Hellion  
  146  10:08  Hellion x3  
  154  10:15  SCV x3  
  154  10:16  Terran Vehicle Weapons Level 2  
  154  10:17  Terran Vehicle And Ship Armor Level 2, Hellion  
  159  10:28  Siege Tank  
  159  10:29  Siege Tank x2  
  159  10:35  Viking  
  168  10:36  Viking  
  168  10:39  Siege Tank x2  
  174  10:52  Hellion x2  
  174  10:54  Ghost  
  180  11:00  Siege Tank  
  180  11:01  Siege Tank  
  186  11:15  Viking  
  188  11:20  Viking  
  188  11:23  Hellion x2  
  188  11:24  Siege Tank  
  188  11:25  Siege Tank  
  184  11:30  Siege Tank  
  138  11:33  Siege Tank x2  
  119  11:45  Viking  
  115  11:49  Hellion  
  115  11:50  Hellion  
  115  11:53  Viking  
  121  11:55  SCV x2  
  121  11:56  Siege Tank  
  121  11:57  Siege Tank  
  129  12:02  Siege Tank  
  129  12:05  Siege Tank, Hellion  
  137  12:11  Hellion x2  
  137  12:15  Viking  
  137  12:23  Viking  
  137  12:26  Siege Tank  
  137  12:27  Command Center  
  137  12:28  Siege Tank  
  137  12:29  Hellion  
  147  12:32  Hellion  
  147  12:33  Hellion  
  147  12:35  Hellion  
  153  12:40  Siege Tank  
  156  12:45  Viking, Hellion x6  
  156  12:46  Supply Depot  
  156  12:49  Engineering Bay  
  156  12:50  Siege Tank  
  159  12:52  Viking  
  159  12:54  Hellion x2  
  159  12:56  Hellion  
  145  13:14  Hellion x3  
  145  13:15  Hellion x2, Viking  
  145  13:18  Thor  
  163  13:20  SCV  
  163  13:22  Thor, Viking  
  172  13:35  Thor  
  169  13:55  Thor  
  169  13:56  Thor  
  169  13:58  Hellion x2  
  169  14:01  Thor  
  191  14:06  Hellion  
  193  14:12  Ghost  
  193  14:15  Sensor Tower  
  193  14:33  Command Center  
  193  14:40  Ghost  
  179  14:54  Siege Tank x3  
  179  14:56  Siege Tank x2, Hellion  
  179  14:57  Hellion  
  194  15:01  SCV  
  191  15:18  Hellion x2  
  195  15:26  Hellion x2  
  199  15:35  Hellion  
  194  15:51  Siege Tank x2  
  158  16:33  Siege Tank x2  
  158  16:37  Siege Tank  
  158  16:39  Hellion x4  
  163  17:00  Siege Tank, Hellion  
  163  17:01  Siege Tank, Hellion  
  170  17:06  Hellion x2  
Tags
 
Add a new tag
Caveats
  • Supply blocks, unpowered buildings, or Contaminate may cause inaccurate times.
  • Supply counts are checked every 10 seconds.